[Event "*** Titled Tuesday 3|2 Blitz"]
[Site "Chess.com"]
[Date "2015.12.01"]
[Round "1"]
[White "Gergo85"]
[Black "chessbia"]
[Result "1-0"]
[WhiteElo "2322"]
[BlackElo "1935"]
[TimeControl "180+2"]
[EndTime "11:02:43 PST"]
[Termination "Gergo85 won by checkmate"]

1. e4 e5 2. Nf3 Nc6 3. Bc4 Bc5 4.
b4 Bxb4 5. c3 Ba5 6. d4 exd4 7.
Qb3 Qe7 8. O-O Bb6 9. cxd4 Nxd4 10. Nxd4 Bxd4 11. Nc3 Nf6 12. Ba3 d6 13. Rad1 Bb6 14. e5 Ng4 15. exd6 Qh4 16. Bxf7+ Kd8 17. dxc7+ Kxc7 18. Bd6+ Kc6 19. Qb5# 1-0

[Event "*** Titled Tuesday 3|2 Blitz"]
[Site "Chess.com"]
[Date "2015.12.01"]
[Round "1"]
[White "Boryboy"]
[Black "dawnrule"]
[Result "1-0"]
[WhiteElo "2533"]
[BlackElo "2217"]
[TimeControl "180+2"]
[EndTime "11:02:46 PST"]
[Termination "Boryboy won by resignation"]

1. d4 Nf6 2. Nf3 e6 3. g3 b6 4. Bg2 Bb7 5. O-O Be7 6. c4 O-O 7. d5 exd5 8. Nh4 c6 9. cxd5 Nxd5 10. Nf5 Re8 11. e4 Nf6 12. Re1 Bf8 13. e5 Nd5 14. Qg4 g6 15. Nh6+ Kg7 16. Nc3 Nxc3 17. bxc3 d6 18.
Bg5 Qc8 19. Qf4 Nd7 20. Qxf7+ 1-0

[Event "*** Titled Tuesday 3|2 Blitz"]
[Site "Chess.com"]
[Date "2015.12.01"]
[Round "1"]
[White "Cryptochess"]
[Black "Saitama_Hero"]
[Result "1-0"]
[WhiteElo "2427"]
[BlackElo "2121"]
[TimeControl "180+2"]
[EndTime "11:03:36 PST"]
[Termination "Cryptochess won by resignation"]

1. e4 c5 2. Nc3 g6 3. g3 Nc6 4.
Bg2 Bg7 5. d3 d6 6. Be3 Nf6 7.
h3 O-O 8. Nge2 e5 9. O-O Nd4 10.
f4 Nh5 11. f5 gxf5 12. exf5 Nxf5 13. Rxf5 Bxf5 14. g4 Bxg4 15. hxg4 Nf6 16. Ng3 d5 17. Bxc5 Re8 18. Nf5 Qc7 19. Bf2 Rad8 20. g5 Nd7 21.
Nxd5 Qb8 22. Qh5 Nf8 23. Nde7+ Kh8 24. Qxf7 Ne6 25. Qxe6 1-0

[Event "*** Titled Tuesday 3|2 Blitz"]
[Site "Chess.com"]
[Date "2015.12.01"]
[Round "1"]
[White "Er_is_geen_hoop_meer"]
[Black "Entilza"]
[Result "1/2-1/2"]
[WhiteElo "2328"]
[BlackElo "2044"]
[TimeControl "180+2"]
[EndTime "11:04:01 PST"]
[Termination "Game drawn by agreement"]

1. d4 d5 2. c4 e6 3. Nf3 Nf6 4. g3 Be7 5. Bg2 O-O 6. O-O c6 7. Qc2 b6 8. b3 Bb7 9. Nc3 Nbd7 10. e4 dxe4 11. Nxe4 Nxe4 12. Qxe4 Rc8 13. Bb2 Bf6 14.
Ne5 Bxe5 15. dxe5 Nc5 16. Qg4 Qe7 17. Rad1 Rfd8 18. Rd4 Rxd4 19. Bxd4 Rd8 20. h4 Rd7 21. h5 h6 22. Be3 Kf8 23. Be4 Nxe4 24. Qxe4 c5 25. Qh7 f5 26. exf6 Qxf6 27. f4 Qf5 28. Qxf5+ exf5 29. Kf2 Kf7 30. Re1 Be4 31. Re2 Rd3 1/2-1/2

[Event "*** Titled Tuesday 3|2 Blitz"]
[Site "Chess.com"]
[Date "2015.12.01"]
[Round "1"]
[White "Rikikits"]
[Black "kikydu96"]
[Result "1-0"]
[WhiteElo "2570"]
[BlackElo "2248"]
[TimeControl "180+2"]
[EndTime "11:04:13 PST"]
[Termination "Rikikits won by resignation"]

1. d4 d5 2. c4 c6 3. Nc3 Nf6 4. Nf3 dxc4 5. a4 Bg4 6. Ne5 Bh5 7.
f3 e6 8. Nxc4 Bb4 9. Qb3 Qe7 10.
e4 Nbd7 11. Be3 O-O 12. Be2 a5 13. O-O Bxc3 14. bxc3 Nxe4 15. g4 Bg6 16. fxe4 Bxe4 17. Qa3 Qh4 18. Qd6 Nf6 19. Qg3 Qxg3+ 20. hxg3 Bd5 21.
Nb6 Ne4 22. Nxa8 Nxg3 23. Rfe1 Rxa8 24. Bf4 Ne4 25. c4 1-0

[Event "*** Titled Tuesday 3|2 Blitz"]
[Site "Chess.com"]
[Date "2015.12.01"]
[Round "1"]
[White "chessloveyou"]
[Black "AndreyOstrovskiy"]
[Result "0-1"]
[WhiteElo "2136"]
[BlackElo "2437"]
[TimeControl "180+2"]
[EndTime "11:04:22 PST"]
[Termination "AndreyOstrovskiy won by resignation"]

1. d4 Nf6 2. Nf3 e6 3. c4 b6 4. g3 Ba6 5. Qa4 c5 6. Bg2 Bb7 7. O-O cxd4 8. Rd1 Na6 9. Bg5 Nc5 10. Qc2 Be7 11. Nbd2 h6 12. Bf4 d6 13. b4 Ncd7 14. Nb3 e5 15. Bd2 Rc8 16. Nh4 Bxg2 17. Kxg2 O-O 18. Nf5 d5 19. c5 bxc5 20. bxc5 Bxc5 21.
Nxh6+ gxh6 22. Bxh6 Ne4 23. f3 Nd6 24. Bxf8 Qxf8 25. Rac1 Ba3 26. Qd2 Bxc1 27. Nxc1 Nc4 28. Qg5+ Qg7 29. Qf5 Ne3+ 0-1

[Event "*** Titled Tuesday 3|2 Blitz"]
[Site "Chess.com"]
[Date "2015.12.01"]
[Round "1"]
[White "ChessWarrior7197"]
[Black "stefanodinn"]
[Result "1-0"]
[WhiteElo "2451"]
[BlackElo "2155"]
[TimeControl "180+2"]
[EndTime "11:04:47 PST"]
[Termination "ChessWarrior7197 won by resignation"]

1. e4 c5 2. Nf3 d6 3. d4 cxd4 4. Nxd4 Nf6 5. Nc3 a6 6. Be3 e5 7. Nb3 Be6 8. f3 h5 9. Qd2 Nbd7 10. O-O-O Be7 11. Kb1 b5 12. Nd5 Bxd5 13. exd5 Nb6 14. Bxb6 Qxb6 15. c4 O-O 16. Rc1 b4 17. Bd3 a5 18.
Rcg1 a4 19. Nc1 Nd7 20. g4 hxg4 21. Rxg4 f5 22. Rg6 Rf7 23. Rhg1 Bf8 24. Qg5 a3 25. Bxf5 axb2 26. Be6 bxc1=Q+ 27. Kxc1 1-0

[Event "*** Titled Tuesday 3|2 Blitz"]
[Site "Chess.com"]
[Date "2015.12.01"]
[Round "1"]
[White "Zvonokchess"]
[Black "yopino"]
[Result "1-0"]
[WhiteElo "2537"]
[BlackElo "2223"]
[TimeControl "180+2"]
[EndTime "11:04:59 PST"]
[Termination "Zvonokchess won by resignation"]

1. Nf3 c5 2. g3 g6 3. Bg2 Bg7 4. O-O Nc6 5. c3 Nf6 6. d4 cxd4 7. cxd4 d5 8. Nc3 O-O 9. Ne5 Qb6 10. Na4 Qc7 11. Bf4 Nh5 12. Nxg6 Nxf4 13. Nxf4 Nxd4 14. Nxd5 Qd6 15. Nac3 Be6 16. e3 Nf5 17. Qh5 Qe5 18. Rad1 Rfe8 19. f4 Qb8 20. Be4 Qc8 21. g4 Nd6 22. Bxh7+ Kf8 23. f5 Bxd5 24. Nxd5 Ne4 25. g5 1-0

[Event "*** Titled Tuesday 3|2 Blitz"]
[Site "Chess.com"]
[Date "2015.12.01"]
[Round "1"]
[White "Svetlin_Mladenov"]
[Black "Haridaskesavan"]
[Result "0-1"]
[WhiteElo "2330"]
[BlackElo "2075"]
[TimeControl "180+2"]
[EndTime "11:05:05 PST"]
[Termination "Haridaskesavan won by resignation"]

1. e4 e5 2. Nf3 Nc6 3. Bb5 a6 4. Ba4 d6 5. c3 Ne7 6. d4 Bd7 7. Be3 g6 8. h4 Bg7 9. h5 O-O 10. hxg6 hxg6 11. d5 Nb8 12. Bxd7 Nxd7 13. Ng5 Nf6 14.
Qf3 Qd7 15. Nd2 Qg4 16. Ke2 Qxf3+ 17. gxf3 Nh5 18. Rag1 f5 19. Ne6 f4 20. Rxh5 fxe3 21. fxe3 Rf7 22. Rh2 b5 23. a3 c5 24. dxc6 Rc8 25.
c7 Rf6 26. Nxg7 Kxg7 27. Rgh1 Rf7 28. Rh7+ Kf6 29. Rxf7+ Kxf7 30. Rh7+ Kf6 31. f4 Rxc7 32. Nf3 a5 33. Ng5 exf4 34. Rf7+ Kxg5 35. exf4+ Kg4 36.
Kd3 Nd5 37. Rxc7 Nxc7 38. f5 gxf5 0-1

[Event "*** Titled Tuesday 3|2 Blitz"]
[Site "Chess.com"]
[Date "2015.12.01"]
[Round "1"]
[White "UltimateCrusher2"]
[Black "AvitalBor"]
[Result "0-1"]
[WhiteElo "2039"]
[BlackElo "2345"]
[TimeControl "180+2"]
[EndTime "11:05:23 PST"]
[Termination "AvitalBor won by resignation"]

1. Nf3 Nf6 2. c4 e6 3. g3 d5 4. Bg2 dxc4 5. Qa4+ Nbd7 6. Qxc4 a6 7. Qc2 Rb8 8. O-O c5 9. a4 b6 10. Nc3 Bb7 11.
d3 Be7 12. Bf4 Rc8 13. h3 O-O 14. Rfd1 Nd5 15. Nxd5 Bxd5 16. Nd2 Bxg2 17. Kxg2 Nf6 18. Nc4 b5 19. axb5 axb5 20. Ne5 Ra8 21. Nf3 Qd5 22.
Be3 h6 23. b3 Nd7 24. Bd2 Ne5 25. e4 Qxd3 26. Qxd3 Nxd3 27. Rxa8 Rxa8 28. Bc3 c4 29. Nd2 Bc5 30. bxc4 bxc4 31. Nxc4 Nxf2 32. Rd7 Nxe4 33. Be5 Ra2+ 34. Kf3 Ng5+ 35. Kg4 Ra4 0-1

[Event "*** Titled Tuesday 3|2 Blitz"]
[Site "Chess.com"]
[Date "2015.12.01"]
[Round "1"]
[White "AnimationDomination"]
[Black "MateusViageiro"]
[Result "0-1"]
[WhiteElo "1759"]
[BlackElo "2302"]
[TimeControl "180+2"]
[EndTime "11:05:24 PST"]
[Termination "MateusViageiro won by resignation"]

1. d4 Nf6 2. c4 e6 3. Nc3 Bb4 4. Bd2 O-O 5. Nf3 b6 6. e3 Bb7 7. Bd3 c5 8. a3 Bxc3 9. Bxc3 Ne4 10. Qe2 Nxc3 11. bxc3 d6 12. O-O Nd7 13. Rfd1 Qe7 14.
e4 e5 15. d5 Nf6 16. Nh4 g6 17. g3 Bc8 18. Rf1 Nh5 19. Qe3 Nf4 20. gxf4 Qxh4 21.
fxe5 dxe5 22. Qg3 Qe7 23. f4 exf4 24. Rxf4 Qe5 25. Bc2 Ba6 26. Bb3 Rae8 27. Re1 Qg7 28. Qf2 Re5 29. a4 Rg5+ 30. Kh1 Qxc3 31. Rf3 Qe5 32.
Re2 Bc8 33. Bc2 Bg4 34. Rfe3 Bxe2 35. Qxe2 0-1

[Event "*** Titled Tuesday 3|2 Blitz"]
[Site "Chess.com"]
[Date "2015.12.01"]
[Round "1"]
[White "1stSecond"]
[Black "armago"]
[Result "1-0"]
[WhiteElo "2394"]
[BlackElo "2102"]
[TimeControl "180+2"]
[EndTime "11:05:38 PST"]
[Termination "1stSecond won by resignation"]

1. d4 Nf6 2. c4 g6 3. Nc3 Bg7 4. Nf3 d6 5. e4 O-O 6. h3 Na6 7. Be3 c6 8. Be2 e5 9. d5 Qe7 10. g4 Nd7 11. Rg1 Kh8 12. a3 f5 13. gxf5 gxf5 14. exf5 Nb6 15. Bg5 Bf6 16. Bxf6+ Qxf6 17. Ne4 Qh6 18. f6 cxd5 19. cxd5 Qf4 20. Nfg5 Nc5 21. Bd3 Nxd3+ 22. Qxd3 Bf5 23. Rg3 h6 24. Nxd6 Bxd3 25. Ngf7+ Rxf7 26. Nxf7+ 1-0

[Event "*** Titled Tuesday 3|2 Blitz"]
[Site "Chess.com"]
[Date "2015.12.01"]
[Round "1"]
[White "Aygehovit1992"]
[Black "BjarkeSahl"]
[Result "1-0"]
[WhiteElo "2442"]
[BlackElo "2148"]
[TimeControl "180+2"]
[EndTime "11:06:01 PST"]
[Termination "Aygehovit1992 won by resignation"]

1. Nf3 Nf6 2. g3 d5 3. Bg2 c6 4. O-O Bf5 5. d3 h6 6. Nbd2 e6 7. Qe1 Be7 8. e4 Bh7 9. e5 Nfd7 10. Qe2 O-O 11. Re1 c5 12. c4 Nb6 13. cxd5 Nxd5 14. Ne4 Nc6 15. a3 b5 16. Bd2 Qb6 17. Rac1 Rad8 18. h4 Nd4 19. Nxd4 cxd4 20. h5 Rc8 21. Qg4 Kh8 22. Qf3 Qb8 23. Rxc8 Rxc8 24. Qxf7 Qb6 25. Bh3 Bg8 26. Qg6 Rf8 27. Nd6 Bxd6 28. exd6 Qxd6 29. Bxh6 gxh6 30. Rxe6 Qc7 31. Qxh6+ 1-0

[Event "*** Titled Tuesday 3|2 Blitz"]
[Site "Chess.com"]
[Date "2015.12.01"]
[Round "1"]
[White "DaPazz"]
[Black "swayamsm"]
[Result "0-1"]
[WhiteElo "1816"]
[BlackElo "2316"]
[TimeControl "180+2"]
[EndTime "11:06:01 PST"]
[Termination "swayamsm won by resignation"]

1. d4 e6 2. c4 b6 3. Nc3 Bb7 4. e3 f5 5. Nf3 Nf6 6. Bd3 Bb4 7. O-O O-O 8. Nd2 Bxc3 9. bxc3 d6 10. f3 Nbd7 11. a4 Qe8 12. a5 Qg6 13. axb6 axb6 14.
Bb2 Qg5 15. Qe2 h5 16. Kh1 h4 17. Rxa8 Rxa8 18. Ra1 Rxa1+ 19. Bxa1 h3 20. g3 Ng4 21. e4 fxe4 22. Nxe4 Bxe4 23. fxe4 Qc1+ 24. Qf1 Nf2+ 0-1

[Event "*** Titled Tuesday 3|2 Blitz"]
[Site "Chess.com"]
[Date "2015.12.01"]
[Round "1"]
[White "Grootneus"]
[Black "ArnaudovP"]
[Result "1-0"]
[WhiteElo "2023"]
[BlackElo "2322"]
[TimeControl "180+2"]
[EndTime "11:06:02 PST"]
[Termination "Grootneus won by resignation"]

1. e4 e5 2. Nf3 Nc6 3. Bb5 Bb4 4. c3 Ba5 5. O-O Nge7 6. d4 exd4 7. cxd4 d5 8. Nc3 dxe4 9. Nxe4 Bg4 10. h3 Bxf3 11.
Qxf3 O-O 12. Rd1 Nxd4 13. Qh5 Nef5 14. Be3 Qd5 15. Bxd4 Qxe4 16. Bd3 Qf4 17. Bxf5 g6 18. Bxg6 fxg6 19. Qxa5 Rad8 20. Qd2 Qd6 21. Qc3 b6 22. Qb3+ Rf7 23. Bc3 Qe7 24. Rxd8+ Qxd8 25. Rd1 Qc8 26. Bf6 1-0

[Event "*** Titled Tuesday 3|2 Blitz"]
[Site "Chess.com"]
[Date "2015.12.01"]
[Round "1"]
[White "MFBerna"]
[Black "VMikhalevski"]
[Result "0-1"]
[WhiteElo "2153"]
[BlackElo "2471"]
[TimeControl "180+2"]
[EndTime "11:06:10 PST"]
[Termination "VMikhalevski won on time"]

1. e4 e5 2. Nf3 Nc6 3. Bb5 a6 4. Ba4 Nf6 5. O-O Nxe4 6. d4 b5 7. Bb3 d5 8. dxe5 Be6 9. c3 Bc5 10. Nbd2 O-O 11. Qe2 Bf5 12. a4 Rb8 13. axb5 axb5 14.
Ra6 Bb6 15. Nxe4 dxe4 16. Ng5 Nxe5 17. Nxe4 Qd3 18. Qxd3 Nxd3 19. Ng3 Nc5 20. Nxf5 Nxa6 21. Bf4 Nc5 22. Bc2 Rfe8 23. h3 Rbd8 0-1

[Event "*** Titled Tuesday 3|2 Blitz"]
[Site "Chess.com"]
[Date "2015.12.01"]
[Round "1"]
[White "GMharikrishna"]
[Black "Tirantes"]
[Result "1-0"]
[WhiteElo "2547"]
[BlackElo "2229"]
[TimeControl "180+2"]
[EndTime "11:06:24 PST"]
[Termination "GMharikrishna won on time"]

1. Nf3 Nf6 2. d4 e6 3. c4 d5 4. g3 Bb4+ 5. Nbd2 O-O 6. Bg2 dxc4 7. Qc2 b5 8. a4 c6 9. axb5 cxb5 10. Ng5 h6 11. h4 Qxd4 12. Bxa8 c3 13. bxc3 Qxc3 14.
Qb1 Rd8 15. Nf3 Nc6 16. O-O Bd7 17. Bb2 Qc5 18. Rc1 Qd6 19. Bxf6 Bxd2 20. Bxd8 1-0

[Event "*** Titled Tuesday 3|2 Blitz"]
[Site "Chess.com"]
[Date "2015.12.01"]
[Round "1"]
[White "FabianEnglert"]
[Black "AnastasiaProtopopova"]
[Result "1-0"]
[WhiteElo "2312"]
[BlackElo "1837"]
[TimeControl "180+2"]
[EndTime "11:06:26 PST"]
[Termination "FabianEnglert won by resignation"]

1. Nf3 Nf6 2. g3 d5 3. Bg2 c5 4. O-O g6 5. c4 d4 6. d3 Bg7 7. e3 O-O 8. exd4 cxd4 9. b4 a5 10. b5 Nfd7 11. Ba3 Re8 12. Nbd2 e5 13. Ne4 Nf6 14. Nd6 Re6 15. Nxc8 Qxc8 16. Bh3 b6 17. Ng5 h6 18. Nxe6 fxe6 19. Rc1 Ra7 20. c5 bxc5 21. Rxc5 Qe8 22. Rxe5 Kh7 23. Rxe6 Qxb5 24. Qb1 Qxb1 25. Rxb1 Nbd7 26. Re7 Rc7 27. Bd6 Rc6 28. Bxd7 Rxd6 29. Be6 Ng8 30. Bxg8+ Kxg8 31. Rb8+ 1-0

[Event "*** Titled Tuesday 3|2 Blitz"]
[Site "Chess.com"]
[Date "2015.12.01"]
[Round "1"]
[White "ilmago"]
[Black "petrpalachev"]
[Result "0-1"]
[WhiteElo "1897"]
[BlackElo "2310"]
[TimeControl "180+2"]
[EndTime "11:06:29 PST"]
[Termination "petrpalachev won by resignation"]

1. e4 c6 2. d4 d5 3. exd5 cxd5 4.
c4 Nf6 5. Nc3 g6 6. Nf3 Bg7 7.
cxd5 Nxd5 8. Qb3 Nb6 9. Bb5+ Bd7 10. Be3 O-O 11. O-O Bxb5 12. Qxb5 Qd7 13. Rfd1 Rd8 14.
Rac1 Qxb5 15. Nxb5 Nc6 16. Kf1 Rac8 17. Rd3 Nd5 18. Nc3 Ncb4 19. Rdd1 Nxc3 20. bxc3 Nxa2 21. Ra1 Nxc3 22. Rd3 Nb5 23. Rb3 a6 24. Rd1 Rd5 25.
Rbd3 h6 26. h3 g5 27. h4 g4 28. Nh2 h5 29. f3 f5 30. Kf2 Rc2+ 31. Kg3 Nc3 32.
R1d2 Ne2+ 33. Kf2 Rxd2 34. Rxd2 g3+ 35. Kxe2 gxh2 36. Rd1 Bxd4 37. Bf4 Bg1 0-1

[Event "*** Titled Tuesday 3|2 Blitz"]
[Site "Chess.com"]
[Date "2015.12.01"]
[Round "1"]
[White "Frolyanov_D"]
[Black "ruifeng"]
[Result "1-0"]
[WhiteElo "2452"]
[BlackElo "2128"]
[TimeControl "180+2"]
[EndTime "11:06:40 PST"]
[Termination "Frolyanov_D won by resignation"]

1. d4 Nf6 2. c4 g6 3. Nf3 Bg7 4. g3 c5 5. Bg2 O-O 6. O-O cxd4 7. Nxd4 d5 8. cxd5 Nxd5 9. Nc3 Nxc3 10. bxc3 Qc7 11. Qb3 Nc6 12. Nxc6 bxc6 13. Bf4 e5 14. Be3 Be6 15. Qa4 Bd5 16. Rab1 Bxg2 17. Kxg2 f5 18. Rfd1 f4 19. Bc5 Rf7 20. Rd6 Rc8 21. Qc4 Kh8 22.
Rbd1 Bf8 23. gxf4 Rxf4 24. Qe6 Bg7 25. Rd7 Qb8 26. Rxg7 Kxg7 27. Bd6 Re8 28. Qd7+ Rf7 29. Bxb8 Rxd7 30. Rxd7+ Kf6 31. Bxa7 1-0

[Event "*** Titled Tuesday 3|2 Blitz"]
[Site "Chess.com"]
[Date "2015.12.01"]
[Round "1"]
[White "ChadaevNikolay"]
[Black "Herman-NY"]
[Result "1-0"]
[WhiteElo "2551"]
[BlackElo "2235"]
[TimeControl "180+2"]
[EndTime "11:06:42 PST"]
[Termination "ChadaevNikolay won by resignation"]

1. e4 e5 2. Nf3 Nc6 3. Bb5 Nf6 4. d3 d6 5. c3 Bd7 6. O-O g6 7. Bg5 Bg7 8. Nbd2 O-O 9. Re1 a6 10.
Ba4 b5 11. Bc2 Bc8 12. Nf1 Bb7 13. Ne3 Qe8 14. Qd2 Nb8 15. a4 Nbd7 16. b4 Kh8 17. Bb3 c5 18. Bc2 Qc8 19. h3 c4 20.
Ng4 Nxg4 21. hxg4 Qc6 22. dxc4 bxc4 23. Rad1 f6 24. Be3 d5 25. Qxd5 Qxd5 26. exd5 f5 27. gxf5 gxf5 28. Ng5 f4 29. Bc1 Nf6 30. d6 Ng4 31. d7 e4 32. Bxe4 Bxc3 33. Bxb7 Bxe1 34. Rxe1 Rab8 35. Bb2+ 1-0

[Event "*** Titled Tuesday 3|2 Blitz"]
[Site "Chess.com"]
[Date "2015.12.01"]
[Round "1"]
[White "DeviatkinAndrey"]
[Black "Moltini"]
[Result "1-0"]
[WhiteElo "2479"]
[BlackElo "2178"]
[TimeControl "180+2"]
[EndTime "11:06:50 PST"]
[Termination "DeviatkinAndrey won by resignation"]

1. d4 Nf6 2. Nf3 g6 3. Bg5 Bg7 4. e3 O-O 5. h3 b6 6. Nbd2 Bb7 7. Bc4 d5 8. Bd3 Nbd7 9. O-O c5 10. c3 Rc8 11. Qe2 Qc7 12. Bf4 Qd8 13. a4 a5 14.
Bb5 e6 15. Rfd1 Qe7 16. Ne5 Nxe5 17. Bxe5 c4 18. Rab1 Nd7 19. Bg3 e5 20. Bxd7 Qxd7 21. Bxe5 Bxe5 22. dxe5 Qxa4 23. f4 Qd7 24. Ne4 Kg7 25.
Nf6 Qe6 26. Rd4 Rc5 27. g4 b5 28. Qf2 h6 29. Qg3 b4 30. f5 Qe7 31. Ne4 Qc7 32.
Nxc5 Qxc5 33. Rf1 bxc3 34. bxc3 Qa3 35. e6 Qxc3 36. e7 Re8 37. fxg6 Rxe7 38. Rxf7+ Rxf7 39. gxf7 Kxf7 40. Qf4+ Ke7 41. Qe5+ Kf7 42. Rf4+ Kg6 43. Qxc3 1-0

[Event "*** Titled Tuesday 3|2 Blitz"]
[Site "Chess.com"]
[Date "2015.12.01"]
[Round "1"]
[White "KnightSeeSix"]
[Black "olomi007"]
[Result "0-1"]
[WhiteElo "2120"]
[BlackElo "2430"]
[TimeControl "180+2"]
[EndTime "11:06:51 PST"]
[Termination "olomi007 won by resignation"]

1. d4 Nf6 2. c4 d6 3. Nc3 Nbd7 4. Nf3 e5 5. e3 g6 6. Bd3 Bg7 7. O-O O-O 8. h3 Re8 9. Bc2 c6 10. Re1 Qe7 11. Bd2 Nf8 12. dxe5 dxe5 13. e4 Qc7 14.
Qc1 Ne6 15. Bh6 a5 16. Bxg7 Kxg7 17. Qe3 Nh5 18. Rad1 Nef4 19. Na4 Be6 20. b3 Qe7 21. Nxe5 Bxh3 22. Nxc6 bxc6 23. g3 Ne6 24. f4 Bg4 25. Rd2 Rad8 26. Rf2 Nd4 27. Bb1 Qb4 28. Ref1 f5 29.
e5 Kg8 30. Kh2 Ng7 31. Rh1 Nge6 32. Bd3 Nf3+ 33. Rxf3 Bxf3 34. Qxf3 Qd2+ 35. Be2 Nd4 0-1

[Event "*** Titled Tuesday 3|2 Blitz"]
[Site "Chess.com"]
[Date "2015.12.01"]
[Round "1"]
[White "alex_zapata"]
[Black "Ginger_GM"]
[Result "0-1"]
[WhiteElo "2170"]
[BlackElo "2476"]
[TimeControl "180+2"]
[EndTime "11:06:57 PST"]
[Termination "Ginger_GM won by resignation"]

1. e4 e6 2. d4 d5 3. Nd2 Nf6 4. Bd3 c5 5. exd5 exd5 6. dxc5 Bxc5 7. Ngf3 O-O 8. O-O Bg4 9. h3 Bh5 10. Nb3 Bb6 11. Bg5 Nc6 12. c3 Qd6 13. Be2 Ne4 14.
Be3 Bxe3 15. fxe3 Ng3 16. Rf2 Rfe8 17. Qd2 Ne4 18. Qe1 Nxf2 19. Qxf2 Rad8 20. Re1 Ne5 21.
Nfd4 Bxe2 22. Rxe2 Qg6 23. Nf5 Nc4 24. Nbd4 Re4 25. Qf3 Rde8 26. b3 Nd6 27. Kh1 Nxf5 28. Nxf5 h5 29. Rd2 Qe6 30. Rf2 h4 31. Nd4 Qg6 32.
Nf5 R8e5 33. Rf1 Re6 34. Kg1 Qg5 35. Kh1 Rf6 0-1

[Event "*** Titled Tuesday 3|2 Blitz"]
[Site "Chess.com"]
[Date "2015.12.01"]
[Round "1"]
[White "Makalexa"]
[Black "Tobi-Wan-Kenobi"]
[Result "0-1"]
[WhiteElo "2068"]
[BlackElo "2353"]
[TimeControl "180+2"]
[EndTime "11:06:58 PST"]
[Termination "Tobi-Wan-Kenobi won by resignation"]

1. e3 Nf6 2. b3 g6 3. Bb2 Bg7 4. f4 O-O 5. Nf3 d6 6. Bd3 c5 7.
O-O Nc6 8. c4 Nb4 9. Be2 Bf5 10.
d3 Re8 11. e4 Bg4 12. Nc3 Bxf3 13. Bxf3 Nc6 14. Ne2 Nd7 15. Bxg7 Kxg7 16. d4 cxd4 17. Nxd4 Qb6 18. Kh1 Qxd4 19. Qe1 Qc5 20. Rd1 e5 21.
f5 f6 22. fxg6 hxg6 23. Bg4 Nf8 24. Qh4 Nh7 25. Rd3 Nd4 26. Rh3 Rh8 27. Qh6+ Kf7 28. Rg3 Rag8 29. h4 Ke7 30. Qd2 Ng5 31. h5 Nxe4 32.
Qe1 Nxg3+ 33. Qxg3 gxh5 34. Qh4 hxg4 0-1

[Event "*** Titled Tuesday 3|2 Blitz"]
[Site "Chess.com"]
[Date "2015.12.01"]
[Round "1"]
[White "oggy1984"]
[Black "Tesla37"]
[Result "0-1"]
[WhiteElo "2209"]
[BlackElo "2532"]
[TimeControl "180+2"]
[EndTime "11:06:59 PST"]
[Termination "Tesla37 won on time"]

1. e4 c5 2. Nf3 e6 3. d4 cxd4 4. Nxd4 Nc6 5. Nc3 Qc7 6. Ndb5 Qb8 7. Be3 Nf6 8. f3 a6 9. Nd4 b5 10. Bd3 Bb7 11. Nxc6 dxc6 12. O-O e5 13. f4 Bd6 14. f5 c5 15. Qf3 c4 16. Be2 h6 17. a3 O-O 18.
Qg3 Kh7 19. Qh4 Be7 20. Bg5 Qc7 21. Rf3 Rad8 22. Rh3 Ng8 23. Rf1 Bxg5 24. Qxg5 Rd6 25.
Qg4 Qe7 26. Kh1 Rfd8 27. Qf3 Rd2 28. Bd1 Nf6 29. Qe3 Qd6 0-1

[Event "*** Titled Tuesday 3|2 Blitz"]
[Site "Chess.com"]
[Date "2015.12.01"]
[Round "1"]
[White "Hikaru"]
[Black "chessdude"]
[Result "1-0"]
[WhiteElo "2915"]
[BlackElo "2294"]
[TimeControl "180+2"]
[EndTime "11:07:01 PST"]
[Termination "Hikaru won on time"]

1. d4 Nf6 2. Bg5 d5 3. Nc3 Nbd7 4. Qd3 c6 5. O-O-O h6 6. Bh4 b5 7. f3 b4 8. Nb1 a5 9. e4 Ba6 10. Qe3 Bxf1 11. Rxf1 e6 12. e5 g5 13. Be1 Ng8 14.
f4 Ne7 15. g4 gxf4 16. Qxf4 Rh7 17. Bh4 Ng6 18. Bxd8 Nxf4 19. Rxf4 Rxd8 20. c3 Be7 21. h4 f6 22. exf6 Bxf6 23. Nf3 Ke7 24. Rg1 Rf8 25. Nbd2 bxc3 26. bxc3 a4 27. Kc2 Bh8 28. Rxf8 Kxf8 29. Rb1 Rg7 30. Rb7 Ke8 31. g5 hxg5 32. Nxg5 Re7 33. Rc7 Kf8 34. Rxc6 e5 35. Rc8+ Kg7 36. Nf1 exd4 37. Ng3 Re5 38. cxd4 1-0

[Event "*** Titled Tuesday 3|2 Blitz"]
[Site "Chess.com"]
[Date "2015.12.01"]
[Round "1"]
[White "dretch"]
[Black "AungTZ"]
[Result "1-0"]
[WhiteElo "2385"]
[BlackElo "2095"]
[TimeControl "180+2"]
[EndTime "11:07:04 PST"]
[Termination "dretch won by resignation"]

1. d4 Nf6 2. c4 e6 3. Nc3 Bb4 4. Qc2 O-O 5. e4 Bxc3+ 6. bxc3 d6 7. Bd3 e5 8. Ne2 Nc6 9. O-O h6 10. Rb1 b6 11. f4 Re8 12. fxe5 dxe5 13. d5 Na5 14.
Ng3 Nb7 15. Rf3 Nc5 16. Bxh6 gxh6 17. Rbf1 Nh7 18. Rxf7 Rf8 19. Rxf8+ Nxf8 20. Qf2 Qe7 21. Be2 Bd7 22. Bh5 Nh7 23. Bg6 Nd3 24. Bxh7+ Qxh7 25. Qf6 Qg7 26. Nh5 Qh7 27. Rf3 Bg4 28. Rg3 Qd7 29.
Qg6+ Kf8 30. Qxh6+ Ke7 31. Qf6+ Ke8 32. Ng7+ 1-0

[Event "*** Titled Tuesday 3|2 Blitz"]
[Site "Chess.com"]
[Date "2015.12.01"]
[Round "1"]
[White "kharposh"]
[Black "abhijeetgupta1016"]
[Result "0-1"]
[WhiteElo "2103"]
[BlackElo "2407"]
[TimeControl "180+2"]
[EndTime "11:07:10 PST"]
[Termination "abhijeetgupta1016 won by resignation"]

1. e4 c5 2. Nf3 d6 3. d4 cxd4 4. Nxd4 Nf6 5. Nc3 Nc6 6. Bc4 e6 7. Bb3 a6 8. f4 Qc7 9. f5 Nxd4 10. Qxd4 Be7 11. Bg5 h6 12. Bh4 exf5 13. exf5 Bxf5 14. O-O Be6 15. Bxf6 gxf6 16. Nd5 Bxd5 17. Bxd5 O-O-O 18. Bxf7 d5 19. Kh1 Kb8 20. Bxd5 Bd6 21. Qh4 Bxh2 22. Qxh2 Qxh2+ 23. Kxh2 Rxd5 24. Rxf6 Rd2 25. Rg6 Rxc2 26. b4 Rb2 27. a3 h5 28. Re1 h4 29. Re7 h3 30. Reg7 hxg2+ 0-1

[Event "*** Titled Tuesday 3|2 Blitz"]
[Site "Chess.com"]
[Date "2015.12.01"]
[Round "1"]
[White "jcibarra"]
[Black "motivated_bishop"]
[Result "0-1"]
[WhiteElo "2502"]
[BlackElo "2251"]
[TimeControl "180+2"]
[EndTime "11:07:14 PST"]
[Termination "motivated_bishop won by resignation"]

1. e4 e5 2. Nf3 Nc6 3. Bb5 a6 4. Bxc6 dxc6 5. O-O Qf6 6. d4 exd4 7. Bg5 Qd6 8. Nxd4 Be7 9. Bxe7 Nxe7 10. Nc3 Bd7 11. Nb3 O-O-O 12. Qe2 Ng6 13. Rad1 Qe7 14. f4 Rhe8 15. Qf2 Kb8 16. Rd4 Bc8 17. Rfd1 Rxd4 18. Rxd4 Nf8 19. Rd3 Ne6 20. e5 g5 21. fxg5 Qxg5 22.
Re3 Nf4 23. h4 Qg4 24. Kh2 Rg8 25. Rg3 Qxh4+ 26. Kg1 Qxg3 27. Qxg3 Rxg3 28. Kf2 Nh5 29. Ne4 Rg4 30. Nbd2 Bf5 31. Kf3 Rf4+ 32. Ke3 Bxe4 33.
Nxe4 Rf5 34. g4 Rxe5 35. gxh5 f5 0-1

[Event "*** Titled Tuesday 3|2 Blitz"]
[Site "Chess.com"]
[Date "2015.12.01"]
[Round "1"]
[White "AndrewMcStone"]
[Black "chessmaxusa"]
[Result "0-1"]
[WhiteElo "1996"]
[BlackElo "2328"]
[TimeControl "180+2"]
[EndTime "11:07:20 PST"]
[Termination "chessmaxusa won by resignation"]

1. d4 c6 2. c4 d5 3. Nc3 Nf6 4. e3 Bf5 5. cxd5 Nxd5 6. Nge2 e6 7. e4 Nxc3 8. Nxc3 Bg6 9. Be3 Nd7 10. Be2 Nf6 11. f3 Be7 12. O-O O-O 13. Qd2 Qd7 14.
Rad1 Rfd8 15. a3 Qc7 16. Qe1 Qa5 17. Qf2 Rd7 18. g4 h6 19. h4 Rad8 20. g5 hxg5 21.
hxg5 Ne8 22. f4 Nd6 23. Bd3 Bh5 24. Rd2 g6 25. Qg3 Bf8 26. Rh2 Bg7 27. Rxh5 gxh5 28. f5 Ne8 29. f6 Rxd4 30. Bxd4 Rxd4 31. fxg7 Nxg7 32. g6 Rd7 33. gxf7+ Rxf7 34. Rxf7 Kxf7 35. Qf3+ Ke7 36. Qxh5 Nxh5 0-1